Unix NetHack Version 5.0.0-0 post-release - last build May  4 2026 22:22:43 (774f63e81ad911689b3a0859ea89b322d5daca8d,branch:main).

Game began 2026-05-04 23:31:20, ended 2026-05-05 00:27:38.

Drastanta, lawful male human Samurai

           ----------                   -------
           |.%......|       ###########`|......###########   ----------------
          #.........|       #-----     #|.....|          ####-..............|
          #|........|       #|...|     #|.....|              |..............|
      #####|.........########|...|     #---|---  ######`#####|..............|
      #    -----.----        |...-##   `##########   ########...............|
      #         #            |...| ###    #                  ----------------
 -----#      ####            |...|   #    #
 |..[|#      #      ##       -----   #    #
 |...|#     -.-------|--             ###############################
 |...-#     |..........|             #  ###                        #
 |...|   ###-.....<....|             #  #                   -------.----
 |....####  |.----.....|             #  #                  #...........|
 -----      |....|.....|             #--.---         #######|........^.|
            ------------             #.o.oo.##@#######      |..........|
                                      |.>..|                ------------
                                      ------

Drastanta the Ninja    St:16 Dx:15 Co:18 In:8 Wi:8 Ch:9  Lawful
Dlvl:6  $:23 HP:0(52) Pw:17(17) AC:3  Xp:6 T:3951  Fainted  Deaf

Latest messages:
 You regain consciousness.
 You can hear again.
 You faint from lack of food.
 You regain consciousness.
 You can hear again.
 You faint from lack of food.
 You regain consciousness.
 You can hear again.
 You faint from lack of food.
 You regain consciousness.
 You faint from lack of food.
 You regain consciousness.
 You faint from lack of food.
 You regain consciousness.
 You can hear again.
 You faint from lack of food.
 The hill orc picks up an orcish cloak.
 The hill orc puts on an orcish cloak.
 The hill orc throws an orcish dagger!
 The orcish dagger hits it.
 The hill orc picks up an orcish dagger.
 It hits!
 The hill orc wields an orcish dagger!
 It hits!
 The hill orc picks up a pair of iron shoes.
 It hits!
 The hill orc thrusts his orcish dagger.
 The hill orc hits!
 The hill orc puts on a pair of iron shoes.
 It hits!
 The hill orc thrusts his orcish dagger.
 The hill orc hits!
 It hits!
 The hill orc thrusts his orcish dagger.
 The hill orc hits!
 It hits!
 The hill orc thrusts his orcish dagger.
 The hill orc hits!
 You regain consciousness.
 You can hear again.
 The hill orc picks up 21 gold pieces.
 You faint from lack of food.
 The hill orc picks up a tin.
 It hits!
 It hits!
 It hits!
 You die...
 Do you want your possessions identified? [ynq] (y) y
 Do you want to see your attributes? [ynq] (y) y
 Do you want an account of creatures vanquished? [ynaq] (y) q

Inventory:
 Coins    ('$')
  $ - 23 gold pieces
 Weapons  (')')
  d - 29 +0 ya (in quiver)
  c - a +0 yumi
  A - a +0 shito
  a - a -1 katana (weapon in right hand)
  b - a +0 wakizashi (alternate weapon; not wielded)
 Armor    ('[')
  v - an uncursed +0 orcish helm (being worn)
  e - an uncursed rustproof +0 splint mail (being worn)
 Scrolls  ('?')
  F - a blessed scroll of amnesia
  o - an uncursed scroll of blank paper
  J - an uncursed scroll of confuse monster
  s - an uncursed scroll of enchant weapon
  I - a cursed scroll of light
  y - a cursed scroll of teleportation
 Spellbooks  ('+')
  w - a blessed spellbook of remove curse
 Potions  ('!')
  x - an uncursed potion of paralysis
 Rings    ('=')
  E - an uncursed +2 ring of increase accuracy
 Wands    ('/')
  p - a wand of secret door detection (0:6)
  h - a wand of speed monster named Speed Monster (0:4)
 Gems/Stones  ('*')
  H - an uncursed worthless piece of yellowish brown glass

Drastanta the Samurai's attributes:

Background:
 You were a Ninja, a level 6 male human Samurai.
 You were lawful, on a mission for Amaterasu Omikami
 who was opposed by Raijin (neutral) and Susanowo (chaotic).
 You were right-handed.
 You were in the Dungeons of Doom, on level 6.
 You entered the dungeon 3951 turns ago.
 It was the midnight hour.
 There was a full moon in effect when your adventure ended.
 You had 343 experience points, 297 more were needed to attain level 7.

Basics:
 You had 0 out of 52 hit points.
 You had all 17 energy points (spell power).
 Your armor class was 3.
 Your wallet contained 23 zorkmids.
 Autopickup was off.

Final Characteristics:
 Your strength was 16 (base:17, limit:18/100).
 Your dexterity was 15 (limit:18).
 Your constitution was 18 (limit:18).
 Your intelligence was 8 (limit:18).
 Your wisdom was 8 (peak:9, limit:18).
 Your charisma was 9 (limit:18).

Final Status:
 You were deaf.
 You were fainted due to starvation.
 You were unencumbered.
 You were wielding a long sword.
 You were skilled in long sword.

Final Attributes:
 You were piously aligned.
 You aggravated monsters.
 You were warded.
 You were fast.
 Amaterasu Omikami was angry with you.
 You are dead.

Miscellaneous:
 You encountered 1 bones level.
 Total elapsed playing time was 56 minutes and 17 seconds.

Major events:
 Turn
    1: Drastanta the lawful male human Samurai entered the dungeon
 1260: attained the rank of Ronin (level 3)
 1766: entered the Gnomish Mines
 2957: attained the rank of Ninja (level 6)
 3951: killed by an invisible hill orc, while fainted from lack of food

You didn't know any spells.

Skills:
 Fighting Skills
   martial arts      [Basic]
   two weapon combat [Unskilled]
   riding            [Unskilled]
 Weapon Skills
   dagger            [Unskilled]
   knife             [Unskilled]
   short sword       [Basic]
   broadsword        [Unskilled]
   long sword        [Skilled]
   two-handed sword  [Unskilled]
   saber             [Unskilled]
   flail             [Unskilled]
   quarterstaff      [Unskilled]
   polearms          [Unskilled]
   spear             [Unskilled]
   lance             [Unskilled]
   bow               [Basic]
   shuriken          [Unskilled]
 Spellcasting Skills
   attack spells     [Unskilled]
   divination spells [Unskilled]
   clerical spells   [Unskilled]

Voluntary challenges:
 Character rerolling was not enabled.
 You never genocided any monsters.
 You never polymorphed an object.
 You never changed form.
 You used no wishes.
Achievements:
 You entered a shop.
 You attained the rank of Ronin.
 You entered the Gnomish Mines.
 You attained the rank of Ninja.

 The Dungeons of Doom: levels 1 to 6
    Level 1:
       A fountain, some sinks.
    Level 2:
       A general store.
    Level 3:
       A fountain.
    Level 4:
       A fountain.
       Stairs down to The Gnomish Mines.
    Level 5:
       A fountain.
    Level 6: <- You were here.
       Final resting place for
          you, killed by an invisible hill orc, while fainted from lack of food.
 The Gnomish Mines:
    Level 5:
       Final resting place for
          dendron-Arc-Dwa-Mal-Law, killed by a bugbear.


Vanquished creatures:
  2 leprechauns
  2 dingoes
  a blue jelly
 an Uruk-hai
  a rock piercer
  a fog cloud
  a yellow light
  a shrieker
  a gnome leader
  a gray ooze
 an elf zombie
  a straw golem
  2 giant ants
  a kitten
  2 rabid rats
  a giant bat
  2 dwarf zombies
  a werejackal
 an iguana
  2 acid blobs
  a gas spore
  3 hobbits
  2 hobgoblins
  a giant rat
  3 cave spiders
  a yellow mold
  a green mold
  7 garter snakes
  2 gnome zombies
  2 geckos
  5 jackals
  a fox
  2 goblins
  3 grid bugs
  2 bats
  4 lichens
  3 kobold zombies
  7 newts
76 creatures vanquished.

No species were genocided or became extinct.

Game over:
                       ----------
                      /          \
                     /    REST    \
                    /      IN      \
                   /     PEACE      \
                  /                  \
                  |    Drastanta     |
                  |      23 Au       |
                  |   killed by an   |
                  |  invisible hill  |
                  |       orc        |
                  |                  |
                  |       2026       |
                 *|     *  *  *      | *
        _________)/\\_//(\/(/\)/\//\/|_)_______

Sayonara Drastanta the Samurai...

You died in The Dungeons of Doom on dungeon level 6 with 1881 points,
and 23 pieces of gold, after 3951 moves.
You were level 6 with a maximum of 52 hit points when you died.

